 Dungeon Crawl Stone Soup version 0.21-a0-538-gd16b88a (webtiles) character file.

2324 mortelune the Skirmisher (level 9, 0/71 HPs)
             Began as a Demonspawn Gladiator on Dec 16, 2017.
             Was a Believer of Makhleb.
             Slain by Joseph
             ... wielding a +1 quarterstaff of draining
              (2 damage)
             ... on level 7 of the Dungeon.
             The game lasted 00:32:15 (10121 turns).

mortelune the Skirmisher (Demonspawn Gladiator)    Turns: 10121, Time: 00:32:15

Health: 0/71       AC: 12    Str: 16    XL:     9   Next: 19%
Magic:  12/12      EV: 11    Int: 10    God:    Makhleb [**....]
Gold:   139        SH:  0    Dex: 16    Spells: 6/8 levels left

rFire    . . .     SeeInvis .   a - +0 halberd
rCold    . . .     Gourm    .   (shield currently unavailable)
rNeg     . . .     Faith    .   p - +0 ring mail
rPois    .         Spirit   .   F - +2 hat
rElec    .         Reflect  .   g - +0 cloak
rCorr    .         Harm     .   n - +0 pair of gloves
MR       .....                  (no boots)
Stlth    +.........             (no amulet)
HPRegen  0.21/turn              (no ring)
MPRegen  0.13/turn              (no ring)

@: heavily drained, invisible
A: antennae 2, thin metallic scales 2
a: Minor Destruction, Renounce Religion


You were on level 7 of the Dungeon.
You worshipped Makhleb.
Makhleb was pleased with you.
You were very hungry.

You visited 1 branch of the dungeon, and saw 7 of its levels.

You collected 340 gold pieces.
You spent 201 gold pieces at shops.

Inventory:

Hand Weapons
 a - a +0 halberd (weapon)
 b - a +1 hunting sling of freezing
 t - a +0 hunting sling
 w - a +0 flail of protection
 N - a +0 trident
Missiles
 h - 383 stones
 q - 69 sling bullets
 y - 2 throwing nets (quivered)
 H - 3 tomahawks
Armour
 c - a +0 scale mail
 g - a +0 cloak (worn)
 n - a +0 pair of gloves (worn)
 p - a +0 ring mail (worn)
 F - a +2 hat (worn)
 G - a +0 shield
 P - a +0 leather armour
Jewellery
 m - an uncursed ring of wizardry
Wands
 D - a wand of acid (12)
 E - a wand of digging (17)
Scrolls
 d - 3 scrolls of teleportation
 e - 2 scrolls of remove curse {unknown}
 i - 2 scrolls of fog
 r - 3 scrolls of enchant weapon {unknown}
 u - 2 scrolls of blinking
 x - 2 scrolls of amnesia
 A - 2 scrolls of immolation
 B - 2 scrolls of noise {unknown}
 I - 2 scrolls of fear {unknown}
 S - a scroll of enchant armour {unknown}
 U - 2 scrolls of random uselessness {unknown}
 V - 3 scrolls of magic mapping
Potions
 k - a potion of agility
 v - 3 potions of curing
 z - a potion of degeneration
 C - a potion of resistance
 J - a potion of ambrosia {unknown}
 L - a potion of haste {unknown}
 M - a potion of mutation {unknown}
 O - a potion of heal wounds {unknown}
 Q - a potion of might
 R - a potion of flight {unknown}
 W - a potion of lignification {unknown}
Books
 o - a book of Minor Magic

   Spells                             Type                      Level
   a - Magic Dart                     Conjuration                  1
   b - Blink                          Translocation                2
   c - Call Imp                       Summoning                    2
   d - Slow                           Hexes                        2
   e - Conjure Flame                  Conjuration/Fire             3
   f - Mephitic Cloud                 Conjuration/Poison/Air       3
Comestibles
 f - 5 bread rations
 j - 2 meat rations
 s - 3 fruits
 K - 2 royal jellies


   Skills:
 + Level 6.6(4.9) Fighting
 + Level 6.4(4.7) Polearms
 - Level 3.2(1.6) Throwing
 + Level 3.8(2.2) Armour
 - Level 2.6(1.1) Dodging
 - Level 2.6(1.1) Shields
 - Level 3.2(1.6) Translocations
 + Level 4.7(3.1) Invocations


You had 6 spell levels left.
You knew the following spells:

 Your Spells              Type           Power        Failure   Level  Hunger
a - Blink                 Tloc           N/A          47%         2    ###....


Dungeon Overview and Level Annotations

Branches:
Dungeon (7/15)             Temple (0/1) D:4

Altars:
Dithmenos
Fedhas
Gozag
Makhleb
Ru
Trog

Shops:
D:4 *   D:6 ?

Annotations:
D:7 Joseph


Innate Abilities, Weirdness & Mutations

You have a pair of antennae on your head.
You are mostly covered in thin metallic scales. (AC +3)


Message History

You closely miss Joseph.
Joseph is moderately wounded.
Joseph barely misses you.
You puncture Joseph!
Joseph is heavily wounded.
Joseph drinks a potion.
Joseph seems to grow stronger.
You hit Joseph.
Joseph is heavily wounded.
Joseph hits you with an uncursed quarterstaff of draining!!
You feel drained.
You hit Joseph but do no damage.
Joseph is heavily wounded.
Joseph hits you with an uncursed quarterstaff of draining.
You feel drained.
* * * LOW HITPOINT WARNING * * *
You fade into invisibility!
Joseph hits you with an uncursed quarterstaff of draining!!
* * * LOW HITPOINT WARNING * * *
You feel drained.
You die...

.. .. ....
...############....
...................
......@@...........
........(..........
.......>...........
............(......
##........#(#######
#........#........
#........#........
#........#<.......
#........#........


You could see Joseph.

Vanquished Creatures
  Pikel (D:4)
  The ghost of Scuka the Carver, an amateur BaFi (D:3)
  An ice beast (D:5)
  2 eyes of draining (D:6)
  A phantom (D:5)
  3 ogres (D:6)
  2 big kobolds (D:6)
  A howler monkey (D:4)
  3 hounds
  3 orc priests
  3 orc wizards (D:5)
  A centaur skeleton (D:4)
  An iguana (D:4)
  9 worker ants
  Robin (D:3)
  10 gnolls
  11 adders
  3 shadow imps
  3 dart slugs
  5 leopard geckos
  18 orcs
  2 ball pythons
  6 giant cockroaches
  16 goblins
  10 hobgoblins
  7 jackals
  6 quokkas
  4 bats
  5 frilled lizards
  25 kobolds
  10 rats
  2 plants (D:6)
176 creatures vanquished.

Vanquished Creatures (others)
  3 plants (D:6)
3 creatures vanquished.

Grand Total: 179 creatures vanquished

Notes
Turn   | Place    | Note
-------+----------+-------------------------------------------
     0 | D:1      | mortelune the Demonspawn Gladiator began the quest for the Orb.
     0 | D:1      | Reached XP level 1. HP: 16/16 MP: 1/1
    46 | D:1      | Gained mutation: You are partially covered in thin metallic scales. (AC +2) [demonic ancestry]
    46 | D:1      | Reached XP level 2. HP: 19/22 MP: 2/2
   568 | D:1      | Reached XP level 3. HP: 28/28 MP: 3/3
  1247 | D:2      | Reached XP level 4. HP: 19/35 MP: 4/4
  2451 | D:2      | Gained mutation: You have a pair of small antennae on your head. [demonic ancestry]
  2451 | D:2      | Reached XP level 5. HP: 34/41 MP: 5/5
  2618 | D:2      | Found a burning altar of Makhleb.
  2627 | D:2      | Became a worshipper of Makhleb the Destroyer
  3069 | D:3      | Noticed Scuka's ghost (amateur BaFi)
  3787 | D:3      | Reached skill level 1 in Invocations
  4247 | D:3      | Noticed Robin
  4262 | D:3      | Killed Robin
  4393 | D:3      | Learned a level 2 spell: Blink
  4508 | D:3      | Reached skill level 1 in Armour
  4508 | D:3      | Reached XP level 6. HP: 48/48 MP: 6/6
  4753 | D:3      | Killed Scuka's ghost
  4753 | D:3      | Reached skill level 1 in Translocations
  5280 | D:4      | Found a sacrificial altar of Ru.
  5417 | D:4      | Gained mutation: You are mostly covered in thin metallic scales. (AC +3) [demonic ancestry]
  5417 | D:4      | Reached XP level 7. HP: 48/55 MP: 7/7
  5929 | D:4      | Found a staircase to the Ecumenical Temple.
  6194 | D:4      | Reached skill level 1 in Shields
  6205 | D:4      | Reached * piety under Makhleb
  6290 | D:4      | Found a blossoming altar of Fedhas.
  6659 | D:4      | Noticed Pikel
  6688 | D:4      | Killed Pikel
  6688 | D:4      | Reached skill level 5 in Fighting
  6688 | D:4      | Reached skill level 5 in Polearms
  6688 | D:4      | Gained mutation: You have a pair of antennae on your head. [demonic ancestry]
  6688 | D:4      | Reached XP level 8. HP: 37/63 MP: 8/8
  6899 | D:4      | Found Fihus's Assorted Antiques.
  6902 | D:4      | Bought a glowing hunting sling for 117 gold pieces
  7076 | D:5      | Entered Level 5 of the Dungeon
  7347 | D:5      | Found an opulent altar of Gozag.
  7715 | D:5      | Found a shadowy altar of Dithmenos.
  8267 | D:6      | Found an opulent altar of Gozag.
  8932 | D:6      | Found Girphoucw's Magic Scroll Shoppe.
  8949 | D:6      | Bought a scroll of teleportation for 39 gold pieces
  8949 | D:6      | Bought a scroll of magic mapping for 45 gold pieces
  9056 | D:6      | Reached ** piety under Makhleb
  9169 | D:6      | Found a bloodstained altar of Trog.
  9190 | D:6      | Reached XP level 9. HP: 71/71 MP: 6/12
  9368 | D:6      | Found a burning altar of Makhleb.
 10110 | D:7      | Noticed Joseph
 10121 | D:7      | HP: 2/71 [Joseph/uncursed quarterstaff of draining (18)]
 10121 | D:7      | Slain by Joseph

Vault maps used:
D:1:      noname_arrival_rooms_in_the_neighbourhood,
          minmay_misc_feat_nine_boxes, minmay_misc_feat_plants,
          minmay_misc_feat_square, minmay_tetromino_o4
D:2:      makhleb_blood_cavern_becter
D:3:      kennysheep_generic_room_9, uniq_robin
D:4:      hangedman_ru_absence, lemuel_round_altar, minmay_temple_entry_glass,
          serial_shops, kennysheep_mini_moat, uniq_pikel
D:5:      lemuel_crystal_altar, first_bread, nicolae_dithmenos_shadow_blocks
D:6:      kennysheep_kobold_camp, lemuel_round_altar, trog_eyes_of_draining,
          serial_co_window_serial, co_window_of_opportunity_a,
          co_window_of_opportunity_a, co_window_paths_b, co_window_paths_b,
          co_window_corner_a, co_window_of_opportunity_a, co_window_corner_a,
          co_window_paths_a, co_window_paths_b, co_window_cross_3,
          co_window_broadway_a, co_window_corner_b, co_window_of_opportunity_b,
          co_window_cross_3, co_window_of_opportunity_b, glass_columns_b,
          glass_columns_a, glass_columns_c, glass_columns_b, serial_shops,
          shop_scrolls, nicolae_gozag_seed_capital
D:7:      serial_shops, nicolae_shop_competitors_out_of_business, tso_altar,
          uniq_joseph, uniq_menkaure

Skill      XL: |  1  2  3  4  5  6  7  8 |
---------------+-------------------------+-----
Throwing       | 2 3 |  3.2
Polearms       | 3 4 5 6 |  6.4
Fighting       | 3 4 5 6 |  6.6
Invocations    | 1 4 |  4.7
Armour         | 1 2 3 |  3.8
Translocations | 1 3 |  3.2
Shields        | 2 |  2.6
Dodging        | |  2.6

Action                   |  1- 3 |  4- 6 |  7- 9 || total
-------------------------+-------+-------+-------++-------
Melee: Trident           |   131 |   220 |   122 ||   473
       Halberd           |       |       |   298 ||   298
 Fire: Hunting sling     |       |    25 |    18 ||    43
Throw: Stone             |       |     5 |       ||     5
       Throwing net      |       |     3 |       ||     3
Evoke: Wand              |       |     2 |       ||     2
  Use: Potion            |     1 |       |     1 ||     2
       Scroll            |       |     7 |     3 ||    10
 Stab: Sleeping          |     1 |       |       ||     1
  Eat: Chunk             |     1 |    11 |    15 ||    27
       Fruit             |       |     2 |       ||     2
Armor: Leather armour    |    42 |    30 |       ||    72
       Ring mail         |       |    31 |   153 ||   184
Dodge: Dodged            |   118 |   117 |   204 ||   439
Block: Shield            |       |       |     7 ||     7

Table legend:
 A = Spawn XP
 B = Non-spawn XP
 C = Spawn XP percentage of total XP
 D = Spawn monster count
 E = Non-spawn monster count
 F = Spawn count percentage of total count
 G = Total turns spent on level
                    A         B        C        D         E        F      G
               +---------+---------+-------+---------+---------+-------+---------
         Total |       0 |    3321 |   0.0 |       0 |     174 |   0.0 | 10121
               +---------+---------+-------+---------+---------+-------+---------
           D:1 |       0 |      45 |   0.0 |       0 |      25 |   0.0 |   823
           D:2 |       0 |     210 |   0.0 |       0 |      39 |   0.0 |  2780
           D:3 |       0 |     422 |   0.0 |       0 |      27 |   0.0 |  1897
           D:4 |       0 |    1044 |   0.0 |       0 |      23 |   0.0 |  1576
           D:5 |       0 |     507 |   0.0 |       0 |      22 |   0.0 |  1182
           D:6 |       0 |    1093 |   0.0 |       0 |      38 |   0.0 |  1848
               +---------+---------+-------+---------+---------+-------+---------
